AoeStats
← brianon99

Golden Pit

509511355Analyzed
1v1 RM · 4d ago on Sep 27, 2026· 28m 25s· 2 players
Game mode
Random Map
Map size
Tiny (2 player)
Population
200
Speed
Normal
Resources
Standard
Victory
Conquest
Starting age
Dark Age
Ending age
Imperial Age
RankedLock teamsTeams togetherTeam positionsShared explorationLock speedFull tech treeHidden civsTurbo modeCheats
Victory
Defeat
🇭🇰 Bulgarians · Hong Kong SAR China
876
+13
🇷🇺 Britons · Russia
821
-32
Smart_ass
10:59 Feudal Age
11:20 Horse Collar
13:27 Man-at-Arms
26:39 Castle Age
25:55 Scale Mail Armor
26:39 Long Swordsman
brianon99
5:32 Loom
7:31 Loom
11:01 Feudal Age
19:52 Castle Age
18:25 Scale Mail Armor
18:36 Forging
22:44 Squires
24:25 Gambesons
28:33 Chain Mail Armor
28:53 Iron Casting
Connection lost

Rejoining the realm…

Still unreachable

The connection could not be restored.

Session expired

The server has moved on; the page needs a fresh start.